Map: Romanticide LE

Players

Nina

  • Race: Protoss Protoss
  • League: Grandmaster
  • Spawn Location: 11:00

MaSa - Winner!

  • Race: Terran Terran
  • League: Master
  • Spawn Location: 5:00

Event: DreamHack SC2 Masters 2020 Winter

VOD

Have the link to the VOD?

Description

Time

  • Played on: Nov. 5, 2020, 3:54 p.m.
  • Length: 5:45

All games in this series

Show
View Real Time Build Order
Export as new Build Order

Nina Protoss 

Build Orders:  

Get SALT Encoding   

  12  0:08  Pylon  
  12  0:13  Probe  
  13  0:27  Gateway  
  13  0:30  Probe  
  15  0:42  Probe  
  15  0:44  Assimilator  
  15  0:48  Assimilator  
  15  0:54  Probe  
  16  1:07  Probe  
  17  1:14  Cybernetics Core  
  17  1:19  Probe  
  17  1:24  Pylon  
  18  1:31  Probe  
  19  1:43  Probe  
  20  1:48  Adept (Chrono Boost)  
  20  1:50  Stargate  
  22  1:55  Probe  
  23  2:07  Warp Gate, Probe  
  24  2:12  Adept (Chrono Boost)  
  26  2:23  Pylon  
  26  2:24  Pylon  
  29  2:48  Probe  
  30  3:00  Probe  
  31  3:14  Nexus  
  31  3:17  Twilight Council  
  31  3:19  Pylon  
  25  3:37  Probe  
  25  3:40  Shield Battery  
  28  3:48  Gateway  
  28  3:50  Probe  
  28  3:54  Pylon  
  27  4:05  Stalker  
  27  4:09  Probe  
  30  4:13  Pylon  
  30  4:22  Probe  
  29  4:28  Gateway  
  29  4:30  Stalker  
  31  4:35  Probe (Chrono Boost)  
  31  4:36  Probe (Chrono Boost)  
  33  4:47  Stalker  
  33  4:52  Probe x2 (Chrono Boost)  
  37  4:58  Stalker  
  25  5:07  Probe  
  25  5:11  Stalker  
  25  5:22  Stalker  
  25  5:25  Stalker  
Show
View Real Time Build Order
Export as new Build Order

MaSa Terran - Winner!

Build Orders: Cyclone Opening 

Get SALT Encoding   

  12  0:00  SCV  
  13  0:12  SCV  
  14  0:16  Supply Depot  
  14  0:24  SCV  
  15  0:38  SCV, Barracks  
  16  0:44  Refinery  
  16  0:50  SCV  
  17  1:02  SCV  
  18  1:10  Engineering Bay  
  18  1:14  SCV  
  19  1:25  Marine  
  20  1:26  Orbital Command  
  20  1:41  Supply Depot  
  20  1:44  Marine  
  20  1:46  Factory  
  21  1:53  Refinery  
  21  1:55  SCV  
  22  2:02  Marine  
  22  2:07  SCV  
  24  2:16  Bunker  
  24  2:20  Marine  
  25  2:27  SCV  
  26  2:31  Factory Tech Lab  
  26  2:38  Marine  
  26  2:42  SCV  
  27  2:51  Cyclone  
  30  2:54  SCV, Supply Depot  
  31  3:06  Mag-Field Accelerator  
  31  3:11  SCV, Barracks Reactor  
  31  3:25  Command Center  
  31  3:28  SCV  
  32  3:37  Cyclone  
  35  3:43  Supply Depot  
  35  3:45  SCV  
  36  3:50  Marine  
  36  3:51  Marine  
  38  3:57  Supply Depot  
  38  3:59  SCV  
  39  4:08  Marine  
  39  4:09  Marine  
  41  4:11  Cyclone  
  41  4:13  SCV  
  45  4:26  SCV, Barracks x2  
  45  4:29  Marine x2  
  48  4:37  Orbital Command  
  48  4:43  SCV  
  49  4:49  Siege Tank  
  52  4:59  SCV  
  53  5:03  Orbital Command  
  51  5:08  Marine x2  
  51  5:12  SCV  
  51  5:13  Engineering Bay  
  53  5:14  Starport  
  53  5:18  Barracks Tech Lab  
  53  5:19  Barracks Tech Lab  
  53  5:24  SCV  
  54  5:29  SCV  
  54  5:35  Bunker  
Tags
 
Add a new tag
Caveats
  • Supply blocks, unpowered buildings, or Contaminate may cause inaccurate times.
  • Supply counts are checked every 10 seconds.